 Dungeon Crawl Stone Soup version 0.26-a0-858-gbf766624f9 (webtiles) character file.

Game seed: 713591246290549542

629 lunkers the Caller (level 7, 0/36 HPs)
             Began as a Kobold Summoner on Nov 25, 2020.
             Was an Initiate of Ashenzari.
             Slain by Duvessa
             ... wielding a +0 short sword
              (9 damage)
             ... on level 5 of the Dungeon.
             The game lasted 00:12:18 (6980 turns).

lunkers the Caller (Kobold Summoner)                Turns: 6980, Time: 00:12:19

Health: 0/36       AC: 11    Str:  5    XL:     7   Next: 77%
Magic:  7/14       EV: 14    Int: 18    God:    Ashenzari [......]
Gold:   168        SH:  0    Dex: 16    Spells: 3/15 levels left

rFire    + . .     SeeInvis .   x - +3 rapier (protect) (curse)
rCold    . . .     Faith    .   (shield restricted)
rNeg     . . .     Spirit   .   t - +1 leather armour {rPois}
rPois    +         Reflect  .   (no helmet)
rElec    .         Harm     .   (no cloak)
rCorr    .         Rampage  .   (no gloves)
MR       .....                  (no boots)
Stlth    +++.......             (no amulet)
HPRegen  0.12/turn              m - ring of wizardry (curse)
MPRegen  0.14/turn              q - ring of protection from fire

@: protection aura
A: small, nightstalker 3
a: Curse Item, Renounce Religion


You were on level 5 of the Dungeon.
You worshipped Ashenzari.
Ashenzari was noncommittal.
You visited 2 branches of the dungeon, and saw 6 of its levels.

You collected 168 gold pieces.

Inventory:

Hand Weapons
 r - a +2 flail of protection
 x - a cursed +3 rapier of protection (weapon)
Armour
 a - a +0 robe
 t - a +1 leather armour of poison resistance (worn)
Jewellery
 m - a cursed ring of wizardry (left hand)
 q - a ring of protection from fire (right hand)
Wands
 b - a wand of polymorph (8)
 d - a wand of iceblast (6)
 s - a wand of acid (7)
 u - a wand of paralysis (9)
 v - a wand of random effects (13)
 w - a wand of flame (29)
Scrolls
 g - 2 scrolls of teleportation
 h - 2 scrolls of identify
 j - 2 scrolls of fog
 l - 3 scrolls of enchant weapon
Potions
 c - a potion of degeneration {unknown}
 e - a potion of resistance {unknown}
 f - 2 potions of brilliance
 i - a potion of berserk rage {unknown}
 k - a potion of flight {unknown}
 n - a potion of experience {unknown}
 o - 4 potions of curing
 p - 5 potions of cancellation


   Skills:
 + Level 0.0 Short Blades
 - Level 2.4 Dodging
 - Level 2.6 Stealth
 + Level 4.9 Spellcasting
 * Level 7.6 Summonings
 + Level 0.0 Ice Magic


You had 3 spell levels left.
You knew the following spells:

 Your Spells              Type           Power        Failure   Level
b - Call Imp              Summ           ####....     1%          2
c - Call Canine Familiar  Summ           ####....     1%          3
d - Summon Guardian Gole  Hex/Summ       ###.....     6%          3
e - Summon Ice Beast      Ice/Summ       ###.....     19%         4

Your spell library contained the following spells:

 Spells                   Type           Power        Failure   Level
 Summon Small Mammal      Summ           ####         1%          1
 Beastly Appendage        Tmut           #.....       9%          1
 Wereblood                Tmut           #.......     14%         2
 Spider Form              Tmut/Pois      #.........   26%         3
 Summon Lightning Spire   Summ/Air       ###.....     19%         4
 Ice Form                 Ice/Tmut       #.......     63%         4
 Blade Hands              Tmut           #.........   91%         5


Dungeon Overview and Level Annotations

Branches:
Dungeon (5/15)             Temple (1/1) D:4

Altars:
Ashenzari
Dithmenos
Elyvilon
Fedhas
Gozag
Hepliaklqana
Kikubaaqudgha
Makhleb
Nemelex Xobeh
Okawaru
Qazlal
Sif Muna
Trog
Uskayaw
Vehumet
Wu Jian
Yredelemnul
The Shining One

Shops:
D:4 [

Annotations:
D:5 Duvessa


Innate Abilities, Weirdness & Mutations

You are small and have problems with some larger weapons.
You are completely attuned to the shadows.


Message History

* * * LOW HITPOINT WARNING * * *
Unknown command.
Casting: Call Canine Familiar (safe; 1% risk of failure)
Confirm with . or Enter, or press ? or * to list all spells.
Okay, then.
Casting: Call Canine Familiar (safe; 1% risk of failure)
Confirm with . or Enter, or press ? or * to list all spells.
A guardian golem appears, shielding your allies.
Your hound bites Duvessa but does no damage.
Duvessa hits you with a +0 short sword!
* * * LOW HITPOINT WARNING * * *
Your hound bites Duvessa but does no damage.
Unknown command.
Unknown command.
Your hound bites Duvessa but does no damage.
Casting: Summon Guardian Golem (dangerous; 6% risk of failure)
Confirm with . or Enter, or press ? or * to list all spells.
A beastly little devil appears in a puff of flame.
Your hound bites Duvessa.
Duvessa hits you with a +0 short sword!
You die...

#..$.#
##....#
#.....##
#.h8...##
##..e@5...
#....#####
#....#
#....##
#.....#####
#..........
...........
.###..#####
#..# ####


You could see Duvessa, a friendly guardian golem (summoned), a friendly hound
(summoned, sheltered) and a friendly crimson imp (summoned).

Vanquished Creatures
  Grinder (D:3)
  A hound (D:4)
  Ijyb (D:3)
  Natasha (thrice) (D:3)
  2 worker ants
  A mummy (D:4)
  5 adders
  A shadow imp (D:5)
  2 oozes
  An adder skeleton (D:4)
  2 leopard geckos
  2 orcs (D:3)
  A ball python (D:3)
  4 bats
  5 giant cockroaches
  2 goblins (D:3)
  2 hobgoblins
  7 jackals
  5 frilled lizards
  4 kobolds
  2 leopard gecko skeletons (D:4)
  3 rats
57 creatures vanquished.

Vanquished Creatures (collateral kills)
  Edmund (D:4)
  An ogre (D:4)
  An orc priest (D:3)
  A worker ant (D:4)
  An adder (D:3)
  A worm (D:3)
  A leopard gecko (D:1)
  6 orcs
  4 hobgoblins
  5 jackals (D:1)
  A kobold (D:1)
  A bat (D:1)
  A frilled lizard (D:1)
  A goblin (D:3)
  3 rats (D:1)
29 creatures vanquished.

Grand Total: 86 creatures vanquished

Notes
Turn   | Place    | Note
-------+----------+-------------------------------------------
     0 | D:1      | lunkers the Kobold Summoner began the quest for the Orb.
     0 | D:1      | Reached XP level 1. HP: 10/10 MP: 3/3
   565 | D:1      | Reached XP level 2. HP: 14/15 MP: 0/5
   587 | D:1      | Learned a level 2 spell: Call Imp
  1065 | D:1      | You fall into a shaft and drop 1 floor!
  1358 | D:1      | Reached XP level 3. HP: 9/19 MP: 1/6
  3274 | D:3      | Reached skill level 5 in Summonings
  3274 | D:3      | Reached XP level 4. HP: 7/24 MP: 1/8
  3297 | D:2      | Learned a level 3 spell: Call Canine Familiar
  3871 | D:3      | Found an iron altar of Okawaru.
  3893 | D:3      | Noticed Ijyb
  3944 | D:3      | Killed Ijyb
  3945 | D:3      | Reached XP level 5. HP: 20/28 MP: 2/9
  4351 | D:3      | Noticed Natasha
  4358 | D:3      | Killed Natasha
  4452 | D:3      | Noticed Grinder
  4458 | D:3      | Paralysed by Grinder for 2 turns
  4471 | D:3      | Paralysed by Grinder for 7 turns
  4479 | D:3      | Killed Grinder
  4480 | D:3      | Reached skill level 6 in Summonings
  4480 | D:3      | Reached XP level 6. HP: 5/32 MP: 6/12
  4772 | D:2      | Learned a level 3 spell: Summon Guardian Golem
  4777 | D:2      | Learned a level 4 spell: Summon Ice Beast
  4779 | D:3      | Noticed Natasha
  4797 | D:3      | Killed Natasha
  4839 | D:3      | Noticed Natasha
  4842 | D:3      | Killed Natasha
  5217 | D:3      | Reached XP level 7. HP: 35/36 MP: 13/13
  5329 | D:4      | Reached skill level 7 in Summonings
  5608 | D:4      | Found a sparkling altar of Nemelex Xobeh.
  5772 | D:4      | Noticed Edmund
  6133 | D:4      | Killed Edmund
  6244 | D:4      | Found Eggibisk's Antique Armour Boutique.
  6302 | D:4      | Found a staircase to the Ecumenical Temple.
  6700 | Temple   | Entered the Ecumenical Temple
  6887 | Temple   | Became a worshipper of Ashenzari the Shackled
  6925 | D:5      | Entered Level 5 of the Dungeon
  6969 | D:5      | Noticed Duvessa
  6980 | D:5      | Slain by Duvessa

Illustrated notes

Levels and vault maps discovered:
D:1:      dpeg_arrival_radiant, layout_loops_ring
D:2:      layout_loops_ring
D:3:      layout_rooms, lemuel_round_altar, uniq_grinder, uniq_natasha,
          uniq_ijyb
D:4:      wad_lake_hut, layout_rooms, nemelex_altar_shiori,
          minmay_temple_entry_enclosed_plants, serial_shops, shop_statue,
          gup_ossuary_entry_pyramid, uniq_edmund
D:5:      layout_layer_cave, uniq_duvessa, uniq_sigmund
Temple:   kb_temple_of_zot

Skill      XL: |  1  2  3  4  5  6  7 |
---------------+----------------------+-----
Summonings     | 5 6 7 |  7.6
Spellcasting   | 3 4 |  4.9
Dodging        | |  2.4
Stealth        | |  2.6

Action                   |  1- 3 |  4- 6 |  7- 9 || total
-------------------------+-------+-------+-------++-------
Melee: Dagger            |   134 |    82 |       ||   216
       Unarmed           |     9 |       |       ||     9
       Rapier            |       |    52 |    93 ||   145
 Cast: Summon Small Mamm |    18 |       |       ||    18
       Call Imp          |    22 |     5 |     2 ||    29
       Call Canine Famil |       |     7 |     7 ||    14
       Summon Guardian G |       |       |     1 ||     1
Invok: Curse Item        |       |       |     2 ||     2
Evoke: Wand              |       |     4 |       ||     4
  Use: Scroll            |       |    11 |       ||    11
 Stab: Sleeping          |     9 |     7 |     5 ||    21
       Distracted        |     1 |     1 |       ||     2
Armor: Robe              |    21 |       |       ||    21
       Leather armour    |     5 |    33 |    24 ||    62
Dodge: Dodged            |   166 |   116 |    52 ||   334

Table legend: (Time is in decaauts)
 A = Elapsed time spent in this place.
 B = Non-inter-level travel time spent in this place.
 C = Inter-level travel time spent in this place.
 D = Time resting spent in this place.
 E = Time spent auto-exploring this place.
 F = Levels seen in this place.
 G = Mean time per level.
                   A        B        C        D        E       F      G
               +--------+--------+--------+--------+--------+-----+--------+
         Total |   7078 |   6882 |    196 |    664 |   4994 |   6 | 1179.7 |
       Dungeon |   6869 |   6722 |    147 |    664 |   4836 |   5 | 1373.8 |
        Temple |    209 |    161 |     48 |      0 |    158 |   1 |  209.0 |
               +--------+--------+--------+--------+--------+-----+--------+

Top non-repeatable levels by time:
     D:1: 2074 daAuts
     D:2: 1853 daAuts
     D:4: 1500 daAuts
     D:3: 1383 daAuts
  Temple: 209 daAuts
     D:5: 57 daAuts
